 Dungeon Crawl Stone Soup version 0.22.0-27-ga576289 (webtiles) character file.

81 Gorice the Slasher (level 4, 0/37 HPs)
             Began as a Minotaur Gladiator on Aug 21, 2018.
             Slain by a gnoll
             ... wielding a +0 whip
              (6 damage)
             ... on level 2 of the Dungeon.
             The game lasted 00:06:30 (1809 turns).

Gorice the Slasher (Minotaur Gladiator)             Turns: 1809, Time: 00:06:31

Health: 0/37       AC:  3    Str: 18    XL:     4   Next: 20%
Magic:  3/3        EV: 13    Int:  6    God:
Gold:   131        SH:  0    Dex: 12    Spells: 3/3 levels left

rFire    . . .     SeeInvis .   a - +0 long sword
rCold    . . .     Gourm    .   (no shield)
rNeg     . . .     Faith    .   b - +0 leather armour
rPois    +         Spirit   .   c - +0 hat
rElec    .         Reflect  .   (no cloak)
rCorr    .         Harm     .   (no gloves)
MR       .....                  (no boots)
Stlth    +.........             (no amulet)
HPRegen  0.12/turn              p - ring of poison resistance
MPRegen  0.08/turn              (no ring)

@: no status effects
A: retaliatory headbutt, horns 2
a: no special abilities


You were on level 2 of the Dungeon.
You were not hungry.

You visited 1 branch of the dungeon, and saw 3 of its levels.

You collected 131 gold pieces.

Inventory:

Hand Weapons
 a - a +0 long sword (weapon)
 j - a +0 dagger of holy wrath
   (You took it off a goblin on level 1 of the Dungeon)
Missiles
 k - 51 sling bullets
 o - 7 curare-tipped needles
 Y - 73 stones
 Z - 3 throwing nets (quivered) {!f}
Armour
 b - a +0 leather armour (worn)
 c - a +0 hat (worn)
Jewellery
 p - a ring of poison resistance (left hand)
Scrolls
 g - a scroll of magic mapping {unknown}
Potions
 e - a potion of lignification {!q}
 i - a potion of invisibility {!q}
 l - a potion of agility {!q}
Comestibles
 f - 3 rations


   Skills:
 - Level 2.4 Fighting
 * Level 6.1 Long Blades
 - Level 2.0 Throwing
 - Level 3.2 Dodging


You had 3 spell levels left.
You didn't know any spells.
Your spell library was empty.

Dungeon Overview and Level Annotations

Branches:
Dungeon (3/15)

Altars:
Gozag


Innate Abilities, Weirdness & Mutations

You reflexively headbutt those who attack you in melee.
You have a pair of horns on your head.


Message History

The leopard gecko misses you.
You riposte.
The ball python hisses angrily.
You slash the leopard gecko!
You kill the leopard gecko!
The gnoll hits you with a halberd.
All of the chunks of flesh in your inventory have rotted away.
Damage: 6 (max 6)
You barely miss the gnoll. The gnoll closely misses you.
You riposte.
You completely miss the gnoll. You hit the gnoll.
Your headbutt misses the gnoll.
The gnoll is heavily wounded.
A gnoll comes into view. It is wielding a flail.
The gnoll hits you with a whip!
* * * LOW HITPOINT WARNING * * *
The gnoll misses you.
Damage: 11 (max 11)
You are too injured to fight recklessly!
You are too injured to fight recklessly!
You are too injured to fight recklessly!
You are too injured to fight recklessly!
You are too injured to fight recklessly!
A gnoll comes into view.
The gnoll shouts!
The gnoll hits you with a whip.
* * * LOW HITPOINT WARNING * * *
Damage: 5 (max 11) Welcome back, Gorice the Minotaur Gladiator.
Press ? for a list of commands and other information.
Unknown command.
Unknown command.
Unknown command.
Unknown command.
Unknown command.
There is a stone staircase leading up here.
The gnoll closely misses you. You furiously retaliate!
You headbutt the gnoll.
You riposte.
You closely miss the gnoll.
The gnoll is moderately wounded.
The gnoll barely misses you.
You climb upwards.
There is a stone staircase leading down here.
You closely miss the gnoll.
The gnoll is moderately wounded.
The gnoll hits you with a whip!
* * * LOW HITPOINT WARNING * * *
Damage: 6 (max 6) Unknown command.
You slash the gnoll!
The gnoll is severely wounded.
The gnoll hits you with a whip.
You die...

# ###############
.....##.......#
...#.##.......#
##.#.##.......#
##...##.......#
###...#.......######
+.............+.@..#
###...........#.g#.#
####..........##.#.###
.......#########.....#
#####..#######<#..##.#
#.........)#..##.#
#...#####..#.....#
#...# #..##.####
######..## #..##..#


You could see a gnoll.

Vanquished Creatures
  2 adders (D:2)
  A worm (D:2)
  A dart slug (D:1)
  4 leopard geckos
  A giant cockroach (D:2)
  5 goblins
  9 hobgoblins (D:1)
  3 jackals (D:3)
  2 quokkas (D:2)
  A ball python (D:1)
  6 bats (D:1)
  4 frilled lizards
  7 kobolds
  7 rats
53 creatures vanquished.

Notes
Turn   | Place    | Note
-------+----------+-------------------------------------------
     0 | D:1      | Gorice the Minotaur Gladiator began the quest for the Orb.
     0 | D:1      | Reached XP level 1. HP: 18/18 MP: 0/0
   135 | D:1      | Reached skill level 4 in Long Blades
   350 | D:1      | Reached XP level 2. HP: 25/25 MP: 1/1
   686 | D:1      | Reached skill level 5 in Long Blades
   722 | D:1      | Reached XP level 3. HP: 27/30 MP: 2/2
  1416 | D:2      | Reached XP level 4. HP: 35/37 MP: 3/3
  1513 | D:2      | Reached skill level 6 in Long Blades
  1551 | D:2      | Found an opulent altar of Gozag.
  1798 | D:3      | HP: 11/37 [gnoll/whip (5)]
  1808 | D:2      | HP: 6/37 [gnoll/whip (7)]
  1809 | D:2      | Slain by a gnoll

Skill      XL: |  1  2  3  4 |
---------------+-------------+-----
Long Blades    | 4 5 6 |  6.1
Fighting       | |  2.4
Throwing       | |  2.0
Dodging        | |  3.2

Action                   |  1- 3 |  4- 6 || total
-------------------------+-------+-------++-------
Melee: Long sword        |    94 |    17 ||   111
       Headbutt          |    23 |     2 ||    25
  Use: Scroll            |     2 |     6 ||     8
  Eat: Chunk             |     2 |     1 ||     3
Armor: Leather armour    |    24 |       ||    24
Dodge: Dodged            |    65 |    21 ||    86
       Rpst.: Long sword |    19 |    10 ||    29

Table legend:
 A = Turns spent in this place as a percentage of turns spent in the entire game.
 B = Non-inter-level travel turns spent in this place as a percentage of non-inter-level travel turns spent in the entire game.
 C = Inter-level travel turns spent in this place as a percentage of turns spent in this place.
 D = Turns resting spent in this place as a percentage of non-inter-level travel turns spent in this place.
 E = Turns spent auto-exploring this place as a percentage of non-inter-level travel turns spent in this place.
 F = Non-inter-level travel turns spent in this place divided by the number of levels of this place that you've seen.
                   A       B       C       D       E      F
               +-------+-------+-------+-------+-------+----------------------
         Total | 100.0 | 100.0 |   2.4 |   9.9 |  60.2 | 588.3
       Dungeon | 100.0 | 100.0 |   2.4 |   9.9 |  60.2 | 588.3
               +-------+-------+-------+-------+-------+----------------------

Vault maps used:
D:1:      minmay_arrival_doors, serial_forest, infiniplex_forest_clump_tiny,
          infiniplex_forest_zigzag_1, infiniplex_forest_end_2,
          infiniplex_forest_lined_room_2, infiniplex_forest_lined_4_way,
          infiniplex_forest_end_double, infiniplex_forest_end_1,
          nrook_loot_triangle
D:2:      minivault_27, nicolae_gozag_cash_rules_everything_around_me
D:3:      grunt_temple_overflow_open, uniq_crazy_yiuf_cottage
